WCHLSIM.com - West Coast Hockey League
html PUBLIC "-//W3C//DTD XHTML 1.0 Transitional//EN" "http://www.w3.org/TR/xhtml1/DTD/xhtml1-transitional.dtd"> WCHL - Game 406 - SAN JOSE BRONCOS vs PHOENIX MUSTANGS

SAN JOSE BRONCOS vs PHOENIX MUSTANGS

Created - 10 décembre 2023 at 06:59

Goals
1 2 3 T
SAN JOSE BRONCOS 0 0 1 1
PHOENIX MUSTANGS 1 1 2 4
Shots
1 2 3 T
SAN JOSE BRONCOS 3 10 3 16
PHOENIX MUSTANGS 11 13 13 37

1st period

1. PHOENIX MUSTANGS , Jonathan Miller 9 (Kyle Connor 16, Jordan Eberle 9) at 5:23 (PP)

Penalties :
Jake Bean (SJO) for Elbowing (Minor) at 3:25, Jake Walman (SJO) for Roughing (Minor) at 11:18

2nd period

2. PHOENIX MUSTANGS , Jonathan Miller 10 (Erik Karlsson 12) at 0:49

Penalties :
Alex Barre-Boulet (PHX) for High sticking (Minor) at 17:02

3rd period

3. PHOENIX MUSTANGS , Jonathan Miller 11 (Jordan Eberle 10, Kyle Connor 17) at 12:29 (PP)
4. SAN JOSE BRONCOS , Jesper Bratt 8 (Clayton Keller 20, Jaccob Slavin 3) at 13:27
5. PHOENIX MUSTANGS , Jonathan Miller 12 (Jesper Fast 1, Kyle Connor 18) at 19:40

Penalties :
Jonathan Miller (PHX) for Hooking (Minor) at 0:45, Jesper Bratt (SJO) for Slashing (Minor) at 11:45, Jesse Puljujarvi (SJO) for Roughing (Minor) at 19:41

Goalie Stats

John Gibson (SJO), 33 saves from 37 shots - (0,892), L, 3-13-1, 60:00 minutes
Petr Mrazek (PHX), 15 saves from 16 shots - (0,938), W, 4-4-2, 60:00 minutes

Players Stats for SAN JOSE BRONCOS

Player Name              G  A  P  +/- PIM S  H  SB GA TA FO     MP     PP MP  PK MP  
------------------------------------------------------------------------------------
Adam Pelech              0  0  0   0  0   1  0  1  0  0  0/0    20:29   2:08   2:45 
Alexander Kerfoot        0  0  0  -1  0   1  1  0  0  0  5/17   14:17   1:49   0:00 
Brayden Point            0  0  0   0  0   1  0  0  0  0  0/0    12:42   0:00   0:00 
Brett Leason             0  0  0  -1  0   2  0  0  0  0  1/1    13:07   0:00   0:00 
Carl Grundstrom          0  0  0   0  0   0  2  0  0  0  0/1    13:26   0:00   0:44 
Clayton Keller           0  1  1   1  0   2  3  0  0  0  3/27   17:56   2:09   3:01 
Cole Caufield            0  0  0  -1  0   1  0  0  0  0  0/0    16:15   1:49   1:58 
Damon Severson           0  0  0   0  0   1  0  0  0  0  0/0    20:29   2:08   2:45 
Ilya Usau                0  0  0  -1  0   0  0  0  0  0  4/11   13:07   0:00   0:00 
Jaccob Slavin            0  1  1   0  0   1  0  1  0  0  0/0    23:49   1:50   2:14 
Jake Bean                0  0  0  -1  2   0  0  1  0  0  0/0    15:41   0:00   0:00 
Jake Walman              0  0  0  -1  2   0  1  0  0  0  0/0    15:41   0:00   0:00 
Jesper Bratt             1  0  1   1  2   2  1  0  0  0  0/1    17:11   2:09   2:17 
Jesse Puljujarvi         0  0  0  -1  2   0  3  0  0  0  0/0    14:16   1:49   0:00 
Jonathan Gruden          0  0  0  -1  0   1  3  0  0  0  0/1    13:07   0:00   0:00 
Neal Pionk               0  0  0   0  0   1  2  0  0  0  0/0    23:49   1:50   2:14 
Oliver Bjorkstrand       0  0  0   1  0   0  1  0  0  0  1/5    16:53   2:09   1:58 
Tomas Nosek              0  0  0   0  0   2  0  1  0  0  7/13   12:42   0:00   0:00 

Players Stats for PHOENIX MUSTANGS

Player Name              G  A  P  +/- PIM S  H  SB GA TA FO     MP     PP MP  PK MP  
------------------------------------------------------------------------------------
Alex Barre-Boulet        0  0  0   0  2   1  0  0  0  0  0/1    15:13   1:07   0:14 
Alex Killorn             0  0  0   0  0   3  2  1  0  0  0/0    17:21   1:32   0:00 
Andrew Copp              0  0  0   0  0   0  2  0  0  0  20/25  20:33   1:32   3:12 
Erik Karlsson            0  1  1   1  0   3  0  2  0  0  0/0    24:05   1:46   2:05 
Ilya Lyubushkin          0  0  0   0  0   2  0  1  0  0  0/0    18:14   2:21   2:05 
Jeff Petry               0  0  0   0  0   1  1  0  0  0  0/0    21:34   2:38   1:53 
Jesper Fast              0  1  1   1  0   0  2  0  0  0  0/0    20:23   2:18   0:57 
Joel Armia               0  0  0   0  0   1  1  0  0  0  1/2    15:34   0:06   0:46 
Joel Edmundson           0  0  0   0  0   0  0  2  0  0  0/0    15:36   0:46   0:00 
Jonathan Miller          4  0  4   1  2   9  3  0  0  0  25/29  23:10   2:41   0:25 
Jordan Eberle            0  2  2   0  0   6  2  0  0  0  0/1    17:17   1:28   0:00 
Kyle Connor              0  3  3   1  0   6  0  0  0  0  0/2    20:15   2:41   0:00 
Nic Dowd                 0  0  0   0  0   3  1  0  0  0  10/15  17:02   0:46   2:22 
Radko Gudas              0  0  0   1  0   0  4  0  0  0  0/0    20:31   0:00   1:53 
Rasmus Asplund           0  0  0   0  0   0  0  0  0  0  0/0     4:59   0:46   0:00 
Shayne Gostisbehere      0  0  0   0  0   2  0  1  0  0  0/0    19:12   2:27   0:00 
Torey Krug               0  0  0   0  0   0  0  0  0  0  0/0     0:48   0:00   0:00 
Tyson Jost               0  0  0   0  0   0  1  0  0  0  0/2     4:13   0:00   0:00 

3 Stars

1 - Jonathan Miller (PHX)
2 - Kyle Connor (PHX)
3 - Jordan Eberle (PHX)

Power Play

SAN JOSE BRONCOS - 0 on 2 Attempt(s) - 0,00%
PHOENIX MUSTANGS - 2 on 4 Attempt(s) - 50,00%

Penalty Kill

SAN JOSE BRONCOS - 2 on 4 Attempt(s) - 50,00% - Score 0 goal in Penalty Kill
PHOENIX MUSTANGS - 2 on 2 Attempt(s) - 100,00% - Score 0 goal in Penalty Kill

Team Stat

SAN JOSE BRONCOS - Hits : 17 - Faceoff Wins : 21 - Blocked Shots : 4 - Penalty Minutes : 8
PHOENIX MUSTANGS - Hits : 19 - Faceoff Wins : 56 - Blocked Shots : 7 - Penalty Minutes : 4

Official

Referees : Kenny Anderson and Adam Bloski
Linesman : Derek Nansen and Kelsey Mahoney

Game Notes

Jonathan Miller has scored a Hat Trick!

Finance

Level 1 -- Attendance: 5848 (89,97%) -- Ticket Income 1 023 400 $
Level 2 -- Attendance: 5363 (91,68%) -- Ticket Income 589 930 $
Level 3 -- Attendance: 1924 (64,13%) -- Ticket Income 192 400 $
Level 4 -- Attendance: 3358 (83,95%) -- Ticket Income 251 850 $
Luxury Box -- Attendance: 867 (86,70%) -- Ticket Income 303 450 $
Game was played at the Mustangs Palace.
Total Attendance: 17360 (85,31%)
Total Ticket Income: 2 361 030 $
Other Expense: 23 610 $
Total Income: 2 337 420 $

SAN JOSE BRONCOS

5 vs 5 Forward 
   Center                   Left Wing                Right Wing               Time % Phy DF OF 
 1 Clayton Keller           Jesper Bratt             Oliver Bjorkstrand       25     1   2  2  
 2 Alexander Kerfoot        Cole Caufield            Jesse Puljujarvi         25     1   2  2  
 3 Tomas Nosek              Brayden Point            Carl Grundstrom          25     1   2  2  
 4 Ilya Usau                Jonathan Gruden          Brett Leason             25     1   2  2  

5 vs 5 Defense 
   Defense                  Defense                                           Time % Phy DF OF 
 1 Jaccob Slavin            Neal Pionk                                        30     1   2  2  
 2 Adam Pelech              Damon Severson                                    30     1   2  2  
 3 Jake Walman              Jake Bean                                         30     1   2  2  
 4 Jaccob Slavin            Neal Pionk                                        10     1   2  2  

PowerPlay Forward 
   Center                   Left Wing                Right Wing               Time % Phy DF OF 
 1 Clayton Keller           Jesper Bratt             Oliver Bjorkstrand       50     1   2  2  
 2 Alexander Kerfoot        Cole Caufield            Jesse Puljujarvi         50     1   2  2  

PowerPlay Defense
   Defense                  Defense                                           Time % Phy DF OF 
 1 Jaccob Slavin            Neal Pionk                                        50     1   2  2  
 2 Adam Pelech              Damon Severson                                    50     1   2  2  

Penalty Kill 4 Players Forward 
   Center                   Wing                     Time % Phy DF OF 
 1 Clayton Keller           Jesper Bratt             50     1   2  2  
 2 Oliver Bjorkstrand       Cole Caufield            50     1   2  2  

Penalty Kill 4 Players Defense
   Defense                  Defense                  Time % Phy DF OF 
 1 Jaccob Slavin            Neal Pionk               50     1   2  2  
 2 Adam Pelech              Damon Severson           50     1   2  2  

Penalty Kill - 3 Players Forward 
   Forward                                           Time % Phy DF OF 
 1 Clayton Keller                                    50     1   2  2  
 2 Jesper Bratt                                      50     1   2  2  

Penalty Kill - 3 Players Defense
   Defense                  Defense                  Time % Phy DF OF 
 1 Jaccob Slavin            Neal Pionk               50     1   2  2  
 2 Adam Pelech              Damon Severson           50     1   2  2  

4 vs 4 Forward 
   Center                   Wing                     Time % Phy DF OF 
 1 Clayton Keller           Jesper Bratt             50     1   2  2  
 2 Oliver Bjorkstrand       Cole Caufield            50     1   2  2  

4 vs 4 Defense
   Defense                  Defense                  Time % Phy DF OF 
 1 Jaccob Slavin            Neal Pionk               50     1   2  2  
 2 Adam Pelech              Damon Severson           50     1   2  2  

Last Minutes Offensive
   Center                   Left Wing                Right Wing               Defense                  Defense                  
   Clayton Keller           Jesper Bratt             Oliver Bjorkstrand       Jaccob Slavin            Neal Pionk               

Last Minutes Defensive
   Center                   Left Wing                Right Wing               Defense                  Defense                  
   Clayton Keller           Jesper Bratt             Oliver Bjorkstrand       Jaccob Slavin            Neal Pionk               

Goaltenders
Starting : John Gibson              
Backup : Antti Raanta             

Extra Forwards
Normal : Tomas Nosek, Jesse Puljujarvi, Carl Grundstrom - PP : Tomas Nosek, Jesse Puljujarvi - PK : Carl Grundstrom
Extra Defensemen
Normal : Jake Walman, Jake Bean, Adam Pelech - PP : Jake Walman - PK : Jake Bean, Adam Pelech
Penalty Shots
Clayton Keller, Jesper Bratt, Oliver Bjorkstrand, Cole Caufield, Alexander Kerfoot
Custom OT Lines Forwards
Clayton Keller, Jesper Bratt, Oliver Bjorkstrand, Cole Caufield, Alexander Kerfoot, Tomas Nosek, Jonathan Gruden, Jesse Puljujarvi, Carl Grundstrom, Brett Leason
Custom OT Lines Defensemen
Jaccob Slavin, Neal Pionk, Adam Pelech, Damon Severson, Jake Walman

Scratches
None

PHOENIX MUSTANGS

5 vs 5 Forward 
   Center                   Left Wing                Right Wing               Time % Phy DF OF 
 1 Jonathan Miller          Kyle Connor              Jesper Fast              34     0   2  3  
 2 Andrew Copp              Alex Killorn             Jordan Eberle            33     0   2  3  
 3 Nic Dowd                 Joel Armia               Alex Barre-Boulet        25     0   3  2  
 4 Tyson Jost               Rasmus Asplund           Jonathan Miller          8      0   3  2  

5 vs 5 Defense 
   Defense                  Defense                                           Time % Phy DF OF 
 1 Radko Gudas              Erik Karlsson                                     37     0   3  2  
 2 Jeff Petry               Shayne Gostisbehere                               35     0   3  2  
 3 Ilya Lyubushkin          Joel Edmundson                                    28     0   3  2  
 4 Erik Karlsson            Jeff Petry                                        0      0   3  2  

PowerPlay Forward 
   Center                   Left Wing                Right Wing               Time % Phy DF OF 
 1 Jonathan Miller          Kyle Connor              Jordan Eberle            60     0   2  3  
 2 Andrew Copp              Alex Killorn             Jesper Fast              40     0   2  3  

PowerPlay Defense
   Defense                  Defense                                           Time % Phy DF OF 
 1 Erik Karlsson            Jeff Petry                                        60     0   2  3  
 2 Shayne Gostisbehere      Ilya Lyubushkin                                   40     0   2  3  

Penalty Kill 4 Players Forward 
   Center                   Wing                     Time % Phy DF OF 
 1 Andrew Copp              Nic Dowd                 60     1   2  2  
 2 Jonathan Miller          Joel Armia               40     1   2  2  

Penalty Kill 4 Players Defense
   Defense                  Defense                  Time % Phy DF OF 
 1 Radko Gudas              Jeff Petry               55     1   2  2  
 2 Erik Karlsson            Ilya Lyubushkin          45     1   2  2  

Penalty Kill - 3 Players Forward 
   Forward                                           Time % Phy DF OF 
 1 Nic Dowd                                          60     0   4  1  
 2 Andrew Copp                                       40     0   4  1  

Penalty Kill - 3 Players Defense
   Defense                  Defense                  Time % Phy DF OF 
 1 Erik Karlsson            Jeff Petry               50     0   4  1  
 2 Radko Gudas              Shayne Gostisbehere      50     0   4  1  

4 vs 4 Forward 
   Center                   Wing                     Time % Phy DF OF 
 1 Jonathan Miller          Kyle Connor              50     0   2  3  
 2 Andrew Copp              Jordan Eberle            50     0   2  3  

4 vs 4 Defense
   Defense                  Defense                  Time % Phy DF OF 
 1 Erik Karlsson            Jeff Petry               50     0   2  3  
 2 Radko Gudas              Shayne Gostisbehere      50     0   2  3  

Last Minutes Offensive
   Center                   Left Wing                Right Wing               Defense                  Defense                  
   Jonathan Miller          Kyle Connor              Jordan Eberle            Erik Karlsson            Jeff Petry               

Last Minutes Defensive
   Center                   Left Wing                Right Wing               Defense                  Defense                  
   Andrew Copp              Jonathan Miller          Nic Dowd                 Radko Gudas              Erik Karlsson            

Goaltenders
Starting : Petr Mrazek              
Backup : Jake Allen               

Extra Forwards
Normal : Jonathan Miller, Alex Killorn, Kyle Connor - PP : Jordan Eberle, Kyle Connor - PK : Jesper Fast
Extra Defensemen
Normal : Jeff Petry, Erik Karlsson, Shayne Gostisbehere - PP : Erik Karlsson - PK : Jeff Petry, Radko Gudas
Penalty Shots
Kyle Connor, Jonathan Miller, Erik Karlsson, Jordan Eberle, Andrew Copp
Custom OT Lines Forwards
Jonathan Miller, Kyle Connor, Alex Killorn, Jordan Eberle, Andrew Copp, Jesper Fast, Joel Armia, Nic Dowd, Alex Barre-Boulet, Tyson Jost
Custom OT Lines Defensemen
Erik Karlsson, Jeff Petry, Shayne Gostisbehere, Ilya Lyubushkin, Radko Gudas

Scratches
Juuso Parssinen (Right Hand Injury), Sam Reinhart (Right Leg Injury)

% Time on Ice - SAN JOSE BRONCOS

Lines # - Real PCT - Wanted PCT - Time Play
Normal Forward
1 - 25% - 25% - 12:46
2 - 24% - 25% - 12:28
3 - 25% - 25% - 12:42
4 - 26% - 25% - 13:07
Normal Defense
1 - 31% - 30% - 15:43
2 - 31% - 30% - 15:36
3 - 31% - 30% - 15:42
4 - 8% - 10% - 4:02
PP Forward
1 - 54% - 50% - 2:09
2 - 46% - 50% - 1:49
PP Defense
1 - 46% - 50% - 1:50
2 - 54% - 50% - 2:08
PK Forward
1 - 61% - 50% - 3:01
2 - 39% - 50% - 1:58
PK Defense
1 - 45% - 50% - 2:14
2 - 55% - 50% - 2:45
PK3 Forward
1 - 0% - 50%
2 - 0% - 50%
PK3 Defense
1 - 0% - 50%
2 - 0% - 50%
44 Forward
1 - 0% - 50%
2 - 0% - 50%
44 Defense
1 - 0% - 50%
2 - 0% - 50%
Last Minute Offensive  - 0:00
Last Minute Defensive  - 0:00
Total
Forward - 60:00
Defense - 60:00

% Time on Ice - PHOENIX MUSTANGS

Lines # - Real PCT - Wanted PCT - Time Play
Normal Forward
1 - 32% - 34% - 16:19
2 - 31% - 33% - 15:49
3 - 29% - 25% - 14:42
4 - 8% - 8% - 4:13
Normal Defense
1 - 34% - 37% - 17:15
2 - 35% - 35% - 17:51
3 - 30% - 28% - 15:11
4 - 2% - 0% - 0:46
PP Forward
1 - 54% - 60% - 2:41
2 - 46% - 40% - 2:18
PP Defense
1 - 51% - 60% - 2:32
2 - 49% - 40% - 2:27
PK Forward
1 - 81% - 60% - 3:12
2 - 19% - 40% - 0:46
PK Defense
1 - 47% - 55% - 1:53
2 - 53% - 45% - 2:05
PK3 Forward
1 - 0% - 60%
2 - 0% - 40%
PK3 Defense
1 - 0% - 50%
2 - 0% - 50%
44 Forward
1 - 0% - 50%
2 - 0% - 50%
44 Defense
1 - 0% - 50%
2 - 0% - 50%
Last Minute Offensive  - 0:00
Last Minute Defensive  - 0:00
Total
Forward - 60:00
Defense - 60:00

Play-by-Play

1st period


0:01 of 1st period - Jonathan Miller wins face-off versus Clayton Keller in neutral zone.
1:46 of 1st period - Icing by Jesper Bratt.
1:47 of 1st period - Nic Dowd wins face-off versus Clayton Keller in SAN JOSE BRONCOS zone.
2:16 of 1st period - Shot by Jesse Puljujarvi.
2:16 of 1st period - Shot Misses the Net.
2:24 of 1st period - Icing by Joel Edmundson.
2:25 of 1st period - Nic Dowd wins face-off versus Tomas Nosek in PHOENIX MUSTANGS zone.
2:46 of 1st period - Shot by Tomas Nosek.
2:46 of 1st period - Stopped by Petr Mrazek without a rebound.
2:47 of 1st period - Ilya Usau wins face-off versus Tyson Jost in PHOENIX MUSTANGS zone.
3:04 of 1st period - Shot by Tyson Jost.
3:04 of 1st period - Shot Misses the Net.
3:06 of 1st period - Shot by Jonathan Miller.
3:06 of 1st period - Deflect By Tyson Jost.
3:06 of 1st period - Shot Misses the Net.
3:08 of 1st period - Shot by Shayne Gostisbehere.
3:08 of 1st period - Stopped by John Gibson without a rebound.
3:09 of 1st period - Andrew Copp wins face-off versus Tomas Nosek in SAN JOSE BRONCOS zone.
3:22 of 1st period - Shot by Alex Killorn.
3:22 of 1st period - Deflect By Jordan Eberle.
3:22 of 1st period - Shot Blocked by Tomas Nosek.
3:24 of 1st period - Shot by Erik Karlsson.
3:24 of 1st period - Shot Misses the Net.
3:25 of 1st period - Minor Penalty to Jake Bean for Elbowing.
3:26 of 1st period - Jonathan Miller wins face-off versus Oliver Bjorkstrand in SAN JOSE BRONCOS zone.
3:37 of 1st period - Shot by Erik Karlsson.
3:37 of 1st period - Stopped by John Gibson with a rebound.
3:45 of 1st period - Shot by Erik Karlsson.
3:45 of 1st period - Stopped by John Gibson without a rebound.
3:46 of 1st period - Andrew Copp wins face-off versus Clayton Keller in SAN JOSE BRONCOS zone.
3:49 of 1st period - Shot by Shayne Gostisbehere.
3:49 of 1st period - Stopped by John Gibson without a rebound.
3:50 of 1st period - Jonathan Miller wins face-off versus Clayton Keller in SAN JOSE BRONCOS zone.
3:57 of 1st period - Shot by Jordan Eberle.
3:57 of 1st period - Shot Misses the Net.
3:59 of 1st period - Shot by Jordan Eberle.
3:59 of 1st period - Shot Misses the Net.
4:01 of 1st period - Shot by Jonathan Miller.
4:01 of 1st period - Stopped by John Gibson without a rebound.
4:02 of 1st period - Andrew Copp wins face-off versus Clayton Keller in SAN JOSE BRONCOS zone.
5:23 of 1st period - Shot by Jonathan Miller.
5:23 of 1st period - Goal by Jonathan Miller - SAN JOSE BRONCOS : 0 - PHOENIX MUSTANGS : 1.
5:24 of 1st period - Nic Dowd wins face-off versus Ilya Usau in neutral zone.
6:21 of 1st period - Shot by Jordan Eberle.
6:21 of 1st period - Shot Blocked by Jake Bean.
7:12 of 1st period - Shot by Jonathan Miller.
7:12 of 1st period - Shot Blocked by Jaccob Slavin.
7:16 of 1st period - Shot by Jonathan Miller.
7:16 of 1st period - Shot Hit the Post.
7:18 of 1st period - Shot by Ilya Lyubushkin.
7:18 of 1st period - Stopped by John Gibson without a rebound.
7:19 of 1st period - Tomas Nosek wins face-off versus Nic Dowd in SAN JOSE BRONCOS zone.
7:34 of 1st period - Shot by Nic Dowd.
7:34 of 1st period - Deflect By Joel Armia.
7:34 of 1st period - Stopped by John Gibson without a rebound.
7:35 of 1st period - Jonathan Miller wins face-off versus Clayton Keller in SAN JOSE BRONCOS zone.
7:43 of 1st period - Icing by Adam Pelech.
7:44 of 1st period - Jonathan Miller wins face-off versus Clayton Keller in SAN JOSE BRONCOS zone.
7:49 of 1st period - Shot by Jonathan Miller.
7:49 of 1st period - Stopped by John Gibson with a rebound.
8:11 of 1st period - Shot by Kyle Connor.
8:11 of 1st period - Stopped by John Gibson with a rebound.
8:18 of 1st period - Icing by Adam Pelech.
8:19 of 1st period - Andrew Copp wins face-off versus Clayton Keller in SAN JOSE BRONCOS zone.
8:28 of 1st period - Shot by Jesper Bratt.
8:28 of 1st period - Shot Blocked by Alex Killorn.
8:30 of 1st period - Shot by Adam Pelech.
8:30 of 1st period - Shot Misses the Net.
8:38 of 1st period - Shot by Clayton Keller.
8:38 of 1st period - Shot Blocked by Erik Karlsson.
9:09 of 1st period - Shot by Tomas Nosek.
9:09 of 1st period - Stopped by Petr Mrazek with a rebound.
9:47 of 1st period - Shot by Alexander Kerfoot.
9:47 of 1st period - Stopped by Petr Mrazek with a rebound.
11:08 of 1st period - Jake Walman is hit by Andrew Copp and loses puck.
11:18 of 1st period - Minor Penalty to Jake Walman for Roughing.
11:19 of 1st period - Jonathan Miller wins face-off versus Oliver Bjorkstrand in SAN JOSE BRONCOS zone.
11:50 of 1st period - Shot by Shayne Gostisbehere.
11:50 of 1st period - Shot Misses the Net.
12:02 of 1st period - Shot by Kyle Connor.
12:02 of 1st period - Stopped by John Gibson with a rebound.
13:33 of 1st period - Jonathan Miller is hit by Carl Grundstrom and loses puck.
13:50 of 1st period - Jonathan Miller is hit by Carl Grundstrom and loses puck.
14:50 of 1st period - Rasmus Asplund is hit by Jesse Puljujarvi and loses puck.
15:46 of 1st period - Ilya Lyubushkin is hit by Jonathan Gruden.
15:59 of 1st period - Icing by Jesper Fast.
16:00 of 1st period - Nic Dowd wins face-off versus Clayton Keller in PHOENIX MUSTANGS zone.
16:50 of 1st period - Andrew Copp is hit by Jesper Bratt and loses puck.
18:39 of 1st period - Shot by Joel Armia.
18:39 of 1st period - Shot Misses the Net.
19:53 of 1st period - Shot by Cole Caufield.
19:53 of 1st period - Shot Misses the Net.
19:58 of 1st period - Icing by Ilya Lyubushkin.
19:59 of 1st period - Andrew Copp wins face-off versus Ilya Usau in PHOENIX MUSTANGS zone.
Goals for this period are 0 for SAN JOSE BRONCOS vs 1 for PHOENIX MUSTANGS.
Shots for this period are 3 for SAN JOSE BRONCOS vs 11 for PHOENIX MUSTANGS.

2nd period


0:01 of 2nd period - Ilya Usau wins face-off versus Jonathan Miller in neutral zone.
0:01 of 2nd period - Neal Pionk is hit by Radko Gudas and loses puck.
0:13 of 2nd period - Jonathan Miller is hit by Jonathan Gruden and loses puck.
0:25 of 2nd period - Icing by Erik Karlsson.
0:26 of 2nd period - Jonathan Miller wins face-off versus Alexander Kerfoot in PHOENIX MUSTANGS zone.
0:28 of 2nd period - Icing by Erik Karlsson.
0:29 of 2nd period - Jonathan Miller wins face-off versus Alexander Kerfoot in PHOENIX MUSTANGS zone.
0:49 of 2nd period - Shot by Jonathan Miller.
0:49 of 2nd period - Goal by Jonathan Miller - SAN JOSE BRONCOS : 0 - PHOENIX MUSTANGS : 2.
0:50 of 2nd period - Nic Dowd wins face-off versus Ilya Usau in neutral zone.
1:52 of 2nd period - Off-side.
1:53 of 2nd period - Alexander Kerfoot wins face-off versus Jordan Eberle in neutral zone.
1:53 of 2nd period - Alexander Kerfoot is hit by Jordan Eberle.
2:05 of 2nd period - Shot by Erik Karlsson.
2:05 of 2nd period - Stopped by John Gibson without a rebound.
2:06 of 2nd period - Tomas Nosek wins face-off versus Jonathan Miller in SAN JOSE BRONCOS zone.
2:22 of 2nd period - Shot by Brayden Point.
2:22 of 2nd period - Shot Misses the Net.
2:40 of 2nd period - Adam Pelech is hit by Jonathan Miller and loses puck.
3:07 of 2nd period - Tomas Nosek is hit by Alex Killorn and loses puck.
3:18 of 2nd period - Shot by Jordan Eberle.
3:18 of 2nd period - Stopped by John Gibson without a rebound.
3:19 of 2nd period - Nic Dowd wins face-off versus Alexander Kerfoot in SAN JOSE BRONCOS zone.
3:32 of 2nd period - Shot by Nic Dowd.
3:32 of 2nd period - Shot Misses the Net.
3:50 of 2nd period - Shot by Joel Armia.
3:50 of 2nd period - Deflect By Alex Barre-Boulet.
3:50 of 2nd period - Stopped by John Gibson without a rebound.
3:51 of 2nd period - Clayton Keller wins face-off versus Andrew Copp in SAN JOSE BRONCOS zone.
3:51 of 2nd period - Clayton Keller is hit by Jordan Eberle.
3:56 of 2nd period - Jesper Bratt is hit by Radko Gudas and loses puck.
4:12 of 2nd period - Off-side.
4:13 of 2nd period - Jonathan Miller wins face-off versus Ilya Usau in neutral zone.
4:24 of 2nd period - Shot by Kyle Connor.
4:24 of 2nd period - Stopped by John Gibson without a rebound.
4:25 of 2nd period - Andrew Copp wins face-off versus Alexander Kerfoot in SAN JOSE BRONCOS zone.
4:41 of 2nd period - Shot by Jordan Eberle.
4:41 of 2nd period - Stopped by John Gibson without a rebound.
4:42 of 2nd period - Jonathan Miller wins face-off versus Clayton Keller in SAN JOSE BRONCOS zone.
5:04 of 2nd period - Oliver Bjorkstrand is hit by Jesper Fast and loses puck.
5:52 of 2nd period - Jake Walman is hit by Radko Gudas.
6:00 of 2nd period - Shot by Nic Dowd.
6:00 of 2nd period - Deflect By Joel Armia.
6:00 of 2nd period - Shot Misses the Net.
6:31 of 2nd period - Cole Caufield is hit by Radko Gudas and loses puck.
6:39 of 2nd period - Icing by Erik Karlsson.
6:40 of 2nd period - Tomas Nosek wins face-off versus Alex Barre-Boulet in PHOENIX MUSTANGS zone.
6:47 of 2nd period - Shot by Brayden Point.
6:47 of 2nd period - Stopped by Petr Mrazek without a rebound.
6:48 of 2nd period - Andrew Copp wins face-off versus Clayton Keller in PHOENIX MUSTANGS zone.
7:06 of 2nd period - Icing by Adam Pelech.
7:07 of 2nd period - Jonathan Miller wins face-off versus Clayton Keller in SAN JOSE BRONCOS zone.
7:19 of 2nd period - Off-side.
7:20 of 2nd period - Andrew Copp wins face-off versus Alexander Kerfoot in neutral zone.
7:23 of 2nd period - Neal Pionk is hit by Alex Killorn and loses puck.
7:28 of 2nd period - Shot by Jordan Eberle.
7:28 of 2nd period - Stopped by John Gibson without a rebound.
7:29 of 2nd period - Jonathan Miller wins face-off versus Ilya Usau in SAN JOSE BRONCOS zone.
7:30 of 2nd period - Shot by Jeff Petry.
7:30 of 2nd period - Shot Misses the Net.
8:00 of 2nd period - Shot by Brett Leason.
8:00 of 2nd period - Stopped by Petr Mrazek with a rebound.
8:02 of 2nd period - Shot by Jaccob Slavin.
8:02 of 2nd period - Stopped by Petr Mrazek with a rebound.
8:04 of 2nd period - Shot by Jaccob Slavin.
8:04 of 2nd period - Deflect By Jonathan Gruden.
8:04 of 2nd period - Stopped by Petr Mrazek without a rebound.
8:05 of 2nd period - Alexander Kerfoot wins face-off versus Andrew Copp in PHOENIX MUSTANGS zone.
8:19 of 2nd period - Off-side.
8:20 of 2nd period - Nic Dowd wins face-off versus Tomas Nosek in neutral zone.
8:46 of 2nd period - Icing by Adam Pelech.
8:47 of 2nd period - Jonathan Miller wins face-off versus Tomas Nosek in SAN JOSE BRONCOS zone.
8:50 of 2nd period - Shot by Kyle Connor.
8:50 of 2nd period - Shot Blocked by Adam Pelech.
8:52 of 2nd period - Shot by Jonathan Miller.
8:52 of 2nd period - Deflect By Kyle Connor.
8:52 of 2nd period - Stopped by John Gibson without a rebound.
8:53 of 2nd period - Alexander Kerfoot wins face-off versus Kyle Connor in SAN JOSE BRONCOS zone.
8:53 of 2nd period - Alexander Kerfoot is hit by Jonathan Miller.
9:18 of 2nd period - Jonathan Miller is hit by Jake Walman and loses puck.
9:33 of 2nd period - Shot by Kyle Connor.
9:33 of 2nd period - Stopped by John Gibson without a rebound.
9:34 of 2nd period - Andrew Copp wins face-off versus Clayton Keller in SAN JOSE BRONCOS zone.
10:41 of 2nd period - Shot by Adam Pelech.
10:41 of 2nd period - Stopped by Petr Mrazek without a rebound.
10:42 of 2nd period - Jonathan Miller wins face-off versus Carl Grundstrom in PHOENIX MUSTANGS zone.
11:18 of 2nd period - Shot by Kyle Connor.
11:18 of 2nd period - Deflect By Jonathan Miller.
11:18 of 2nd period - Stopped by John Gibson with a rebound.
12:13 of 2nd period - Shot by Brett Leason.
12:13 of 2nd period - Stopped by Petr Mrazek with a rebound.
12:15 of 2nd period - Shot by Damon Severson.
12:15 of 2nd period - Shot Misses the Net.
13:00 of 2nd period - Shot by Alexander Kerfoot.
13:00 of 2nd period - Shot Misses the Net.
13:02 of 2nd period - Shot by Jaccob Slavin.
13:02 of 2nd period - Shot Blocked by Ilya Lyubushkin.
13:26 of 2nd period - Shot by Jesper Bratt.
13:26 of 2nd period - Stopped by Petr Mrazek without a rebound.
13:27 of 2nd period - Jonathan Miller wins face-off versus Clayton Keller in PHOENIX MUSTANGS zone.
13:31 of 2nd period - Icing by Kyle Connor.
13:32 of 2nd period - Jonathan Miller wins face-off versus Jesper Bratt in PHOENIX MUSTANGS zone.
13:54 of 2nd period - Shot by Jonathan Miller.
13:54 of 2nd period - Stopped by John Gibson without a rebound.
13:55 of 2nd period - Ilya Usau wins face-off versus Andrew Copp in SAN JOSE BRONCOS zone.
13:55 of 2nd period - Ilya Usau is hit by Andrew Copp.
14:09 of 2nd period - Shot by Neal Pionk.
14:09 of 2nd period - Shot Blocked by Shayne Gostisbehere.
14:39 of 2nd period - Alex Killorn is hit by Neal Pionk.
14:44 of 2nd period - Icing by Neal Pionk.
14:45 of 2nd period - Jonathan Miller wins face-off versus Jonathan Gruden in SAN JOSE BRONCOS zone.
15:36 of 2nd period - Shot by Tomas Nosek.
15:36 of 2nd period - Shot Misses the Net.
15:39 of 2nd period - Icing by Radko Gudas.
15:40 of 2nd period - Jonathan Miller wins face-off versus Alexander Kerfoot in PHOENIX MUSTANGS zone.
15:40 of 2nd period - Jonathan Miller is hit by Jesse Puljujarvi.
15:56 of 2nd period - Shot by Alex Killorn.
15:56 of 2nd period - Stopped by John Gibson with a rebound.
15:58 of 2nd period - Shot by Jordan Eberle.
15:58 of 2nd period - Shot Hit the Post.
16:00 of 2nd period - Shot by Alex Killorn.
16:00 of 2nd period - Stopped by John Gibson without a rebound.
16:01 of 2nd period - Nic Dowd wins face-off versus Clayton Keller in SAN JOSE BRONCOS zone.
16:05 of 2nd period - Icing by Jake Walman.
16:06 of 2nd period - Andrew Copp wins face-off versus Oliver Bjorkstrand in SAN JOSE BRONCOS zone.
16:16 of 2nd period - Off-side.
16:17 of 2nd period - Alexander Kerfoot wins face-off versus Joel Armia in neutral zone.
17:02 of 2nd period - Minor Penalty to Alex Barre-Boulet for High sticking.
17:03 of 2nd period - Andrew Copp wins face-off versus Clayton Keller in PHOENIX MUSTANGS zone.
17:32 of 2nd period - Shot by Clayton Keller.
17:32 of 2nd period - Stopped by Petr Mrazek without a rebound.
17:33 of 2nd period - Andrew Copp wins face-off versus Alexander Kerfoot in PHOENIX MUSTANGS zone.
17:48 of 2nd period - Shot by Cole Caufield.
17:48 of 2nd period - Stopped by Petr Mrazek with a rebound.
18:03 of 2nd period - Off-side.
18:04 of 2nd period - Jonathan Miller wins face-off versus Clayton Keller in neutral zone.
18:23 of 2nd period - Shot by Clayton Keller.
18:23 of 2nd period - Stopped by Petr Mrazek without a rebound.
18:24 of 2nd period - Clayton Keller wins face-off versus Nic Dowd in PHOENIX MUSTANGS zone.
18:37 of 2nd period - Nic Dowd is hit by Clayton Keller and loses puck.
18:41 of 2nd period - Erik Karlsson is hit by Clayton Keller and loses puck.
Goals for this period are 0 for SAN JOSE BRONCOS vs 1 for PHOENIX MUSTANGS.
Shots for this period are 10 for SAN JOSE BRONCOS vs 13 for PHOENIX MUSTANGS.

3rd period


0:01 of 3rd period - Oliver Bjorkstrand wins face-off versus Jonathan Miller in neutral zone.
0:45 of 3rd period - Minor Penalty to Jonathan Miller for Hooking.
0:46 of 3rd period - Andrew Copp wins face-off versus Alexander Kerfoot in PHOENIX MUSTANGS zone.
0:46 of 3rd period - Andrew Copp is hit by Alexander Kerfoot.
2:22 of 3rd period - Shot by Cole Caufield.
2:22 of 3rd period - Shot Misses the Net.
2:24 of 3rd period - Shot by Jesse Puljujarvi.
2:24 of 3rd period - Shot Blocked by Erik Karlsson.
2:26 of 3rd period - Shot by Alexander Kerfoot.
2:26 of 3rd period - Shot Misses the Net.
2:46 of 3rd period - Icing by Cole Caufield.
2:47 of 3rd period - Brett Leason wins face-off versus Tyson Jost in SAN JOSE BRONCOS zone.
3:59 of 3rd period - Shot by Brayden Point.
3:59 of 3rd period - Shot Blocked by Joel Edmundson.
4:53 of 3rd period - Shot by Jesper Bratt.
4:53 of 3rd period - Shot Misses the Net.
5:11 of 3rd period - Icing by Damon Severson.
5:12 of 3rd period - Jonathan Miller wins face-off versus Clayton Keller in SAN JOSE BRONCOS zone.
5:13 of 3rd period - Shot by Kyle Connor.
5:13 of 3rd period - Shot Misses the Net.
5:15 of 3rd period - Shot by Jesper Fast.
5:15 of 3rd period - Shot Misses the Net.
5:17 of 3rd period - Shot by Ilya Lyubushkin.
5:17 of 3rd period - Stopped by John Gibson without a rebound.
5:18 of 3rd period - Alexander Kerfoot wins face-off versus Jonathan Miller in SAN JOSE BRONCOS zone.
5:18 of 3rd period - Alexander Kerfoot is hit by Jesper Fast.
6:32 of 3rd period - Shot by Andrew Copp.
6:32 of 3rd period - Shot Misses the Net.
6:48 of 3rd period - Shot by Brett Leason.
6:48 of 3rd period - Shot Misses the Net.
6:50 of 3rd period - Shot by Jake Walman.
6:50 of 3rd period - Shot Misses the Net.
8:03 of 3rd period - Clayton Keller is hit by Jeff Petry.
8:14 of 3rd period - Shayne Gostisbehere is hit by Clayton Keller and loses puck.
8:27 of 3rd period - Shot by Jonathan Miller.
8:27 of 3rd period - Stopped by John Gibson without a rebound.
8:28 of 3rd period - Jonathan Miller wins face-off versus Alexander Kerfoot in SAN JOSE BRONCOS zone.
8:39 of 3rd period - Shot by Cole Caufield.
8:39 of 3rd period - Shot Blocked by Joel Edmundson.
9:48 of 3rd period - Shot by Erik Karlsson.
9:48 of 3rd period - Shot Misses the Net.
10:08 of 3rd period - Andrew Copp is hit by Jesse Puljujarvi and loses puck.
10:36 of 3rd period - Jake Bean is hit by Tyson Jost.
10:56 of 3rd period - Shot by Jonathan Miller.
10:56 of 3rd period - Deflect By Tyson Jost.
10:56 of 3rd period - Shot Misses the Net.
11:10 of 3rd period - Adam Pelech is hit by Jonathan Miller and loses puck.
11:17 of 3rd period - Shot by Damon Severson.
11:17 of 3rd period - Stopped by Petr Mrazek without a rebound.
11:18 of 3rd period - Tomas Nosek wins face-off versus Nic Dowd in PHOENIX MUSTANGS zone.
11:21 of 3rd period - Shot by Brayden Point.
11:21 of 3rd period - Shot Misses the Net.
11:29 of 3rd period - Shot by Neal Pionk.
11:29 of 3rd period - Stopped by Petr Mrazek without a rebound.
11:30 of 3rd period - Joel Armia wins face-off versus Clayton Keller in PHOENIX MUSTANGS zone.
11:30 of 3rd period - Joel Armia is hit by Oliver Bjorkstrand.
11:45 of 3rd period - Minor Penalty to Jesper Bratt for Slashing.
11:46 of 3rd period - Andrew Copp wins face-off versus Clayton Keller in SAN JOSE BRONCOS zone.
12:07 of 3rd period - Shot by Jeff Petry.
12:07 of 3rd period - Stopped by John Gibson without a rebound.
12:08 of 3rd period - Jonathan Miller wins face-off versus Clayton Keller in SAN JOSE BRONCOS zone.
12:09 of 3rd period - Shot by Kyle Connor.
12:09 of 3rd period - Stopped by John Gibson without a rebound.
12:10 of 3rd period - Jonathan Miller wins face-off versus Clayton Keller in SAN JOSE BRONCOS zone.
12:29 of 3rd period - Shot by Jonathan Miller.
12:29 of 3rd period - Goal by Jonathan Miller - SAN JOSE BRONCOS : 0 - PHOENIX MUSTANGS : 3.
12:30 of 3rd period - Ilya Usau wins face-off versus Nic Dowd in neutral zone.
13:03 of 3rd period - Off-side.
13:04 of 3rd period - Jonathan Miller wins face-off versus Clayton Keller in neutral zone.
13:27 of 3rd period - Shot by Jesper Bratt.
13:27 of 3rd period - Goal by Jesper Bratt - SAN JOSE BRONCOS : 1 - PHOENIX MUSTANGS : 3.
13:28 of 3rd period - Andrew Copp wins face-off versus Tomas Nosek in neutral zone.
13:41 of 3rd period - Shot by Jordan Eberle.
13:41 of 3rd period - Shot Misses the Net.
15:28 of 3rd period - Jake Walman is hit by Nic Dowd and loses puck.
15:51 of 3rd period - Shot by Nic Dowd.
15:51 of 3rd period - Stopped by John Gibson without a rebound.
15:52 of 3rd period - Andrew Copp wins face-off versus Alexander Kerfoot in SAN JOSE BRONCOS zone.
15:55 of 3rd period - Shot by Jordan Eberle.
15:55 of 3rd period - Stopped by John Gibson without a rebound.
15:56 of 3rd period - Andrew Copp wins face-off versus Alexander Kerfoot in SAN JOSE BRONCOS zone.
15:59 of 3rd period - Shot by Alex Killorn.
15:59 of 3rd period - Shot Misses the Net.
16:17 of 3rd period - Shot by Alex Killorn.
16:17 of 3rd period - Stopped by John Gibson without a rebound.
16:18 of 3rd period - Tomas Nosek wins face-off versus Kyle Connor in SAN JOSE BRONCOS zone.
17:19 of 3rd period - Andrew Copp is hit by Jonathan Gruden and loses puck.
17:42 of 3rd period - Icing by Adam Pelech.
17:43 of 3rd period - Nic Dowd wins face-off versus Ilya Usau in SAN JOSE BRONCOS zone.
17:52 of 3rd period - Shot by Nic Dowd.
17:52 of 3rd period - Stopped by John Gibson without a rebound.
17:53 of 3rd period - Clayton Keller wins face-off versus Nic Dowd in SAN JOSE BRONCOS zone.
17:59 of 3rd period - Icing by Ilya Lyubushkin.
18:00 of 3rd period - Nic Dowd wins face-off versus Clayton Keller in PHOENIX MUSTANGS zone.
18:10 of 3rd period - Joel Armia is hit by Neal Pionk and loses puck.
18:19 of 3rd period - Neal Pionk is hit by Joel Armia and loses puck.
18:38 of 3rd period - Shot by Joel Armia.
18:38 of 3rd period - Deflect By Nic Dowd.
18:38 of 3rd period - Stopped by John Gibson without a rebound.
18:39 of 3rd period - Tomas Nosek wins face-off versus Andrew Copp in SAN JOSE BRONCOS zone.
18:45 of 3rd period - Shot by Alex Killorn.
18:45 of 3rd period - Deflect By Jordan Eberle.
18:45 of 3rd period - Stopped by John Gibson without a rebound.
18:46 of 3rd period - Tomas Nosek wins face-off versus Andrew Copp in SAN JOSE BRONCOS zone.
18:48 of 3rd period - Icing by Brayden Point.
18:49 of 3rd period - Andrew Copp wins face-off versus Tomas Nosek in SAN JOSE BRONCOS zone.
18:58 of 3rd period - Shot by Alex Killorn.
18:58 of 3rd period - Shot Misses the Net.
19:02 of 3rd period - Shot by Jordan Eberle.
19:02 of 3rd period - Stopped by John Gibson without a rebound.
19:03 of 3rd period - Jonathan Miller wins face-off versus Ilya Usau in SAN JOSE BRONCOS zone.
19:40 of 3rd period - Shot by Jonathan Miller.
19:40 of 3rd period - Goal by Jonathan Miller - SAN JOSE BRONCOS : 1 - PHOENIX MUSTANGS : 4.
19:41 of 3rd period - Andrew Copp wins face-off versus Alexander Kerfoot in neutral zone.
19:41 of 3rd period - Minor Penalty to Jesse Puljujarvi for Roughing.
19:42 of 3rd period - Andrew Copp wins face-off versus Oliver Bjorkstrand in SAN JOSE BRONCOS zone.
Goals for this period are 1 for SAN JOSE BRONCOS vs 2 for PHOENIX MUSTANGS.
Shots for this period are 3 for SAN JOSE BRONCOS vs 13 for PHOENIX MUSTANGS.


BLAKE
WHEELER
STEVEN
STAMKOS
DREW
DOUGHTY

EAST COAST

HOCKEY LEAGUE

  • 63.RHI2PIT5
  • 64.WOR4ATL3
  • 65.QUECHW
  • 66.CHATRV